Map: 글리터링 애쉬즈 - 래더

Players

AgoElazer (Elazer)

  • Race: Zerg Zerg

Zoun - Winner!

  • Race: Protoss Protoss

VOD

Have the link to the VOD?

Description

Time

  • Played on: Oct. 21, 2021, 8:33 a.m.
  • Length: 30:19
Show
View Real Time Build Order
Export as new Build Order

AgoElazer Zerg 

Build Orders: Hatch First 

Get SALT Encoding   

  12  0:00  Drone  
  13  0:12  Overlord  
  13  0:16  Drone  
  14  0:30  Drone x2  
  16  0:48  Hatchery  
  15  0:52  Drone  
  15  0:55  Drone  
  17  0:58  Drone  
  18  1:10  Extractor  
  17  1:13  Spawning Pool  
  17  1:16  Drone  
  17  1:18  Drone  
  18  1:28  Drone  
  19  1:38  Drone  
  20  1:49  Overlord  
  20  2:00  Drone, Queen x2  
  25  2:01  Zergling x2  
  26  2:13  Metabolic Boost  
  26  2:15  Drone, Zergling x2  
  28  2:22  Drone  
  29  2:23  Drone  
  30  2:32  Drone  
  30  2:33  Drone  
  32  2:37  Queen  
  34  2:44  Drone, Overlord  
  35  2:52  Hatchery  
  35  2:57  Overlord  
  34  3:03  Spore Crawler  
  34  3:05  Drone x2  
  36  3:09  Drone x3  
  36  3:10  Drone x2  
  41  3:13  Drone  
  41  3:18  Queen  
  44  3:24  Queen  
  46  3:28  Overlord  
  46  3:32  Overlord  
  46  3:34  Drone  
  46  3:35  Drone  
  48  3:42  Zergling x8  
  52  3:52  Spore Crawler  
  52  3:54  Drone x6  
  57  4:02  Drone, Queen  
  57  4:05  Overlord  
  59  4:11  Drone  
  59  4:12  Drone  
  61  4:17  Drone x4  
  61  4:23  Overlord  
  65  4:27  Drone x4  
  68  4:32  Drone  
  68  4:37  Roach Warren, Extractor  
  68  4:38  Extractor, Overlord  
  66  4:42  Drone x2  
  66  4:43  Drone x3  
  70  4:47  Drone x2  
  70  4:48  Overlord  
  72  4:53  Lair  
  72  4:55  Zergling x12  
  77  5:02  Overlord  
  77  5:04  Queen  
  77  5:06  Overlord  
  79  5:13  Spore Crawler x2  
  79  5:21  Roach x8  
  79  5:27  Roach  
  95  5:29  Overlord  
  95  5:30  Zergling x6  
  98  5:39  Zergling x4  
  99  5:47  Queen  
  99  5:49  Zergling x16  
  108  5:52  Ravager x4  
  108  5:55  Overlord  
  112  5:58  Zergling x6  
  112  6:01  Ravager  
  115  6:04  Zergling x4  
  115  6:10  Ravager  
  118  6:11  Zergling x4  
  118  6:16  Ravager  
  120  6:19  Zergling x8  
  120  6:20  Zergling x2  
  120  6:24  Queen  
  120  6:25  Queen  
  129  6:28  Overlord x2  
  129  6:32  Queen  
  130  6:36  Hatchery  
  121  6:40  Ravager  
  114  6:53  Zergling x20  
  116  6:57  Zergling x2  
  116  6:58  Zergling x4  
  116  7:00  Queen x2  
  118  7:06  Zergling x4  
  114  7:23  Zergling x10  
  114  7:26  Queen  
  121  7:35  Queen  
  121  7:36  Queen  
  122  7:37  Zergling x8  
  120  7:45  Zergling x4  
  113  7:59  Zergling x12  
  113  8:05  Queen  
  116  8:10  Infestation Pit  
  116  8:11  Drone x8, Queen, Evolution Chamber  
  116  8:12  Queen  
  120  8:13  Drone x3  
  117  8:23  Drone x3  
  116  8:29  Queen  
  115  8:39  Drone x2  
  115  8:40  Drone x5, Queen  
  121  8:43  Extractor  
  121  8:44  Extractor  
  121  8:47  Queen x2  
  123  8:49  Overlord  
  123  8:50  Spore Crawler  
  123  8:51  Spore Crawler  
  123  8:52  Drone x3  
  123  8:55  Overseer  
  124  8:57  Drone x6  
  124  9:01  Overlord  
  129  9:10  Queen  
  129  9:13  Overlord  
  133  9:17  Overlord  
  133  9:18  Drone x6  
  133  9:19  Drone  
  133  9:20  Hive  
  133  9:24  Overlord, Extractor  
  137  9:26  Queen x2  
  137  9:27  Overlord  
  141  9:33  Overlord  
  141  9:35  Drone x5  
  146  9:40  Drone x6, Overlord  
  147  9:49  Extractor, Overlord  
  147  9:50  Extractor  
  147  9:52  Spire  
  144  9:53  Drone  
  144  9:54  Drone x2, Spire  
  144  9:55  Drone x3  
  144  9:57  Overlord  
  149  10:01  Evolution Chamber  
  149  10:03  Evolution Chamber, Hatchery  
  149  10:04  Spore Crawler  
  149  10:05  Spore Crawler  
  149  10:06  Spore Crawler  
  143  10:08  Drone x3  
  143  10:12  Zergling x6  
  143  10:13  Queen x3  
  154  10:21  Overlord  
  154  10:22  Overlord  
  154  10:29  Zerg Melee Weapons Level 1, Zerg Missile Weapons Level 1, Pathogen Glands, Zerg Ground Armor Level 1  
  154  10:33  Viper x3  
  163  10:36  Zergling x2  
  163  10:37  Zergling x16  
  163  10:39  Adrenal Glands  
  172  10:45  Overlord  
  164  10:59  Drone x2  
  166  11:07  Spore Crawler x2  
  166  11:08  Zerg Flyer Armor Level 1, Zerg Flyer Weapons Level 1, Spore Crawler  
  166  11:11  Infestor x4  
  153  11:12  Hatchery  
  153  11:15  Drone x3  
  163  11:19  Drone x3  
  163  11:20  Spore Crawler x4  
  163  11:25  Spore Crawler  
  161  11:26  Overseer x3  
  161  11:27  Spore Crawler x2  
  161  11:28  Spore Crawler x2  
  157  11:33  Overlord  
  157  11:37  Spine Crawler  
  156  11:41  Spore Crawler x2  
  156  11:42  Spore Crawler  
  156  11:44  Overlord  
  156  11:45  Spine Crawler  
  151  11:50  Spore Crawler  
  149  12:02  Viper x2  
  149  12:07  Corruptor x8  
  171  12:11  Hatchery  
  170  12:16  Drone  
  170  12:17  Drone x8  
  179  12:25  Drone  
  179  12:26  Drone x3  
  179  12:29  Zerg Missile Weapons Level 2, Zerg Melee Weapons Level 2  
  183  12:30  Zerg Ground Armor Level 2, Spine Crawler  
  183  12:36  Burrow  
  181  12:38  Drone x6  
  181  12:43  Spore Crawler  
  186  12:45  Spore Crawler  
  186  12:47  Spore Crawler x2  
  183  12:54  Drone x2  
  185  13:08  Zerg Flyer Armor Level 2, Greater Spire  
  185  13:10  Zergling x6  
  185  13:11  Zergling x4  
  190  13:17  Spore Crawler  
  189  13:21  Spore Crawler  
  188  13:28  Spore Crawler  
  188  13:29  Spore Crawler x2  
  188  13:33  Spore Crawler  
  184  13:35  Overseer x2, Pneumatized Carapace  
  184  13:40  Spore Crawler  
  183  13:41  Spore Crawler  
  183  13:42  Spore Crawler  
  183  13:44  Spore Crawler x2  
  183  13:45  Drone x6, Spore Crawler  
  184  13:51  Drone x3, Spore Crawler x2  
  184  13:52  Spore Crawler  
  184  13:53  Spore Crawler  
  184  13:55  Spore Crawler  
  182  13:57  Spore Crawler x2  
  182  14:00  Spore Crawler  
  182  14:01  Drone x6, Spore Crawler x2  
  183  14:03  Spore Crawler  
  183  14:04  Spore Crawler  
  183  14:06  Spore Crawler  
  179  14:16  Spore Crawler  
  178  14:28  Extractor x2  
  176  14:31  Spine Crawler  
  176  14:32  Spine Crawler  
  176  14:33  Zerg Flyer Weapons Level 2  
  176  14:36  Brood Lord x8  
  190  14:49  Zerg Missile Weapons Level 3, Zerg Ground Armor Level 3  
  193  15:07  Drone x4  
  193  15:10  Spore Crawler x2  
  193  15:11  Spore Crawler  
  193  15:12  Spore Crawler  
  189  15:20  Corruptor x4  
  196  15:38  Spore Crawler  
  196  15:39  Spore Crawler x3  
  196  15:40  Spore Crawler  
  191  15:42  Spore Crawler  
  191  15:43  Spore Crawler  
  191  15:44  Drone x2, Spore Crawler  
  191  15:47  Zerg Flyer Armor Level 3  
  191  15:48  Zerg Melee Weapons Level 3  
  190  15:55  Brood Lord x2  
  193  16:06  Overseer  
  193  16:07  Overseer  
  193  16:25  Overseer  
  193  16:38  Spore Crawler x2  
  191  16:41  Ultralisk Cavern, Zergling x16  
  191  16:42  Hatchery  
  197  16:56  Zerg Flyer Weapons Level 3  
  197  17:16  Overseer x3  
  184  17:35  Ultralisk x2  
  195  17:57  Chitinous Plating  
  194  18:01  Ultralisk  
  200  18:11  Extractor x2  
  197  18:43  Spore Crawler  
  196  19:16  Anabolic Synthesis  
  194  19:53  Corruptor x3  
  200  20:09  Spore Crawler x3  
  200  20:10  Spore Crawler  
  196  20:26  Neural Parasite  
  196  20:31  Infestor x2  
  200  20:36  Spore Crawler x2  
  197  22:10  Lair  
  197  22:32  Corruptor  
  190  23:30  Corruptor  
  190  23:31  Corruptor x3  
  194  24:07  Corruptor x5  
  197  24:55  Corruptor  
  139  25:23  Corruptor x8  
  151  25:31  Brood Lord  
  151  25:33  Brood Lord  
  151  25:34  Brood Lord  
  151  25:35  Corruptor, Brood Lord x6  
  167  25:39  Zergling x22  
  177  25:44  Hatchery  
  175  25:54  Queen x4  
  174  25:58  Overlord  
  174  25:59  Brood Lord x3  
  174  26:00  Brood Lord  
  174  26:01  Corruptor  
  174  26:02  Corruptor x6  
  191  26:30  Corruptor x4  
  199  26:35  Hatchery  
  198  26:43  Hatchery  
  173  27:01  Brood Lord x2  
  175  27:02  Brood Lord x2  
  175  27:03  Brood Lord  
  175  27:05  Zergling x24  
  193  27:11  Infestor x2  
  178  27:47  Corruptor x10  
  187  28:19  Corruptor x11  
  182  28:28  Corruptor x6  
  168  28:45  Zergling x26  
  109  29:04  Brood Lord x4  
  91  29:47  Brood Lord x2  
  91  29:48  Brood Lord  
  91  29:50  Zergling x2  
  91  29:51  Zergling x2  
Show
View Real Time Build Order
Export as new Build Order

Zoun Protoss - Winner!

Build Orders: 1 Gate Expand, Oracle Opening, Carriers 

Get SALT Encoding   

  12  0:00  Probe  
  13  0:12  Probe  
  14  0:19  Pylon  
  14  0:24  Probe  
  15  0:37  Probe (Chrono Boost)  
  15  0:41  Gateway  
  16  0:47  Probe (Chrono Boost)  
  17  0:50  Assimilator  
  17  0:52  Probe (Chrono Boost)  
  18  1:04  Probe  
  19  1:16  Probe  
  20  1:26  Nexus  
  20  1:36  Cybernetics Core  
  20  1:39  Probe  
  21  1:45  Assimilator  
  21  1:51  Probe  
  21  1:54  Pylon  
  22  2:03  Probe  
  23  2:09  Adept (Chrono Boost)  
  23  2:15  Probe  
  26  2:17  Stargate  
  26  2:25  Warp Gate  
  26  2:27  Probe (Chrono Boost)  
  27  2:35  Adept  
  29  2:38  Probe (Chrono Boost)  
  29  2:39  Probe (Chrono Boost)  
  31  2:48  Probe (Chrono Boost)  
  31  2:49  Probe (Chrono Boost)  
  33  2:54  Probe  
  33  2:55  Probe, Void Ray (Chrono Boost)  
  39  3:07  Probe x2  
  41  3:17  Pylon  
  41  3:18  Gateway  
  41  3:19  Probe  
  42  3:22  Shield Battery  
  42  3:26  Probe  
  43  3:29  Oracle (Chrono Boost)  
  46  3:36  Probe  
  46  3:38  Probe  
  48  3:48  Probe  
  49  3:50  Probe  
  50  4:00  Probe  
  50  4:02  Nexus  
  51  4:04  Pylon  
  51  4:07  Probe  
  51  4:09  Stargate  
  52  4:12  Probe, Assimilator x2  
  53  4:20  Probe, Pylon  
  54  4:24  Shield Battery  
  54  4:29  Protoss Air Weapons Level 1  
  54  4:31  Shield Battery  
  54  4:34  Adept  
  54  4:35  Probe  
  54  4:38  Void Ray  
  55  4:39  Probe  
  55  4:45  Forge  
  60  4:47  Probe  
  60  4:51  Probe  
  62  4:54  Void Ray  
  62  4:59  Probe  
  67  5:04  Probe  
  68  5:09  Twilight Council  
  68  5:10  Pylon  
  68  5:11  Probe (Chrono Boost)  
  69  5:19  Probe x2 (Chrono Boost)  
  69  5:20  Void Ray  
  71  5:24  Probe (Chrono Boost)  
  77  5:29  Probe (Chrono Boost)  
  77  5:30  Probe (Chrono Boost)  
  77  5:31  Probe (Chrono Boost)  
  77  5:34  Probe (Chrono Boost)  
  79  5:36  Probe  
  79  5:41  Robotics Facility  
  81  5:43  Probe  
  81  5:46  Probe  
  83  5:51  Charge, Gateway x2  
  83  5:52  Gateway  
  83  5:56  Shield Battery  
  83  6:02  Sentry  
  85  6:06  Gateway  
  85  6:10  Photon Cannon  
  85  6:12  Shield Battery  
  85  6:13  Void Ray (Chrono Boost)  
  85  6:14  Adept  
  85  6:15  Photon Cannon  
  85  6:17  Photon Cannon  
  87  6:22  Pylon  
  91  6:30  Void Ray (Chrono Boost)  
  91  6:31  Photon Cannon  
  91  6:32  Photon Cannon  
  91  6:36  Zealot  
  91  6:43  Void Ray  
  91  6:49  Adept x3  
  98  6:55  Probe, Immortal (Chrono Boost)  
  98  6:57  Shield Battery  
  91  7:03  Probe  
  91  7:04  Probe  
  91  7:08  Probe, Zealot  
  87  7:13  Void Ray  
  87  7:14  Zealot x2  
  87  7:26  Void Ray  
  87  7:27  Zealot  
  87  7:29  Immortal  
  87  7:36  Zealot  
  87  7:44  Zealot  
  87  7:45  Zealot  
  87  7:53  Zealot  
  85  8:05  Pylon  
  81  8:07  Pylon  
  81  8:19  Void Ray  
  79  8:26  Immortal  
  83  8:28  Zealot  
  83  8:29  Probe  
  86  8:36  Fleet Beacon  
  86  8:39  Nexus  
  86  8:47  Pylon  
  86  8:50  Pylon  
  86  8:52  Pylon  
  86  9:02  Void Ray  
  86  9:03  Void Ray  
  86  9:05  Probe x2  
  86  9:09  Shield Battery  
  96  9:17  Probe x2  
  98  9:29  Probe x2  
  100  9:41  Probe x2  
  100  9:43  Carrier (Chrono Boost)  
  102  9:48  Carrier (Chrono Boost)  
  102  9:50  Assimilator  
  114  9:53  Probe x2  
  114  9:54  Assimilator  
  114  9:57  Probe  
  114  10:06  Probe x2  
  116  10:07  Robotics Bay  
  116  10:08  Flux Vanes  
  116  10:13  Probe  
  117  10:16  Photon Cannon  
  117  10:17  Sentry  
  117  10:18  Probe x2  
  117  10:21  Pylon  
  121  10:36  Stargate  
  121  10:47  Zealot x2  
  121  10:48  Zealot  
  127  10:54  Protoss Air Weapons Level 2  
  127  10:55  Carrier (Chrono Boost)  
  131  11:05  Nexus  
  131  11:10  Pylon  
  131  11:13  Pylon  
  131  11:15  Observer  
  132  11:24  Probe  
  132  11:25  Carrier  
  133  11:28  Probe x2, Assimilator  
  133  11:29  Protoss Shields Level 1  
  133  11:30  Assimilator  
  133  11:31  Carrier  
  147  11:36  Probe  
  147  11:38  Shield Battery  
  147  11:39  Photon Cannon  
  148  11:40  Probe  
  149  11:50  Probe x2  
  149  11:52  Probe  
  149  12:02  Phoenix  
  149  12:05  Carrier (Chrono Boost)  
  149  12:06  Pylon  
  148  12:10  Gateway  
  148  12:13  Disruptor (Chrono Boost)  
  148  12:15  Gateway  
  147  12:20  Probe x3  
  159  12:30  Zealot  
  159  12:32  Carrier (Chrono Boost)  
  161  12:43  Observer  
  168  12:47  Pylon  
  168  12:48  Pylon  
  168  12:53  Photon Cannon  
  168  12:55  Photon Cannon  
  168  12:57  Zealot  
  170  13:04  Templar Archives  
  170  13:06  Carrier  
  170  13:07  Gateway  
  176  13:17  Zealot  
  176  13:21  Gateway  
  176  13:22  Disruptor (Chrono Boost)  
  176  13:25  Gateway x3  
  179  13:27  Protoss Ground Weapons Level 1 (Chrono Boost)  
  179  13:32  Observer  
  179  13:43  Gateway  
  179  13:44  Gateway  
  179  13:45  Pylon, Gateway  
  179  13:48  Gateway  
  179  13:52  Gateway x2  
  179  13:54  Warp Prism  
  181  14:05  High Templar x4  
  181  14:06  Pylon x2, High Templar  
  181  14:07  High Templar  
  191  14:11  Archon  
  191  14:12  Archon x2  
  191  14:16  Observer, High Templar  
  193  14:19  High Templar  
  193  14:23  Gateway  
  195  14:24  Archon  
  195  14:26  Pylon  
  195  14:29  Gateway  
  194  14:38  Observer  
  194  14:45  High Templar x2  
  198  14:46  Zealot  
  198  14:49  Archon  
  200  15:06  Protoss Air Weapons Level 3 (Chrono Boost), Psionic Storm  
  200  15:14  Observer, Pylon  
  198  15:43  Protoss Ground Weapons Level 2 (Chrono Boost)  
  198  15:48  Forge  
  198  15:50  Robotics Facility  
  198  15:55  Robotics Facility, Photon Cannon  
  198  15:56  Photon Cannon  
  198  15:57  Observer, Pylon  
  198  15:58  Shield Battery  
  198  16:00  Pylon, Photon Cannon  
  198  16:01  Blink  
  198  16:02  Nexus, Photon Cannon  
  198  16:03  Shield Battery  
  198  16:06  Observer (Chrono Boost)  
  198  16:09  Gravitic Boosters  
  199  16:17  High Templar x2  
  199  16:24  Observer  
  199  16:25  Shield Battery, Protoss Shields Level 2 (Chrono Boost)  
  199  16:26  Shield Battery  
  199  16:29  Photon Cannon  
  199  16:31  Photon Cannon  
  199  16:33  Photon Cannon  
  199  16:34  Photon Cannon  
  199  16:35  Dark Shrine  
  199  16:37  Photon Cannon  
  199  16:39  Photon Cannon  
  199  16:41  Photon Cannon  
  199  16:45  Assimilator  
  199  16:49  Assimilator  
  199  16:51  Observer  
  199  17:06  Observer, Gravitic Drive  
  200  17:12  Observer  
  200  17:41  Observer  
  200  17:44  Mothership (Chrono Boost)  
  200  17:47  Photon Cannon  
  200  17:48  Protoss Air Armor Level 1 (Chrono Boost), Photon Cannon  
  200  17:50  Unknown  
  199  17:53  Shadow Stride  
  199  17:57  Protoss Ground Weapons Level 3 (Chrono Boost)  
  197  17:59  Dark Templar  
  197  18:02  Observer  
  199  18:10  High Templar x2  
  199  18:34  Stargate  
  199  18:35  Stargate  
  199  18:37  Stargate  
  199  18:41  Stargate  
  199  18:49  Observer  
  199  18:50  Nexus  
  199  18:52  Photon Cannon  
  199  18:53  Observer  
  199  18:56  Tempest x2  
  199  19:19  Pylon  
  199  19:22  Pylon  
  196  19:25  Oracle  
  199  19:40  Shield Battery  
  199  19:42  Shield Battery  
  199  19:43  Protoss Air Armor Level 2 (Chrono Boost)  
  199  19:44  Observer, Photon Cannon  
  199  19:45  Photon Cannon  
  199  19:47  Photon Cannon  
  199  19:49  Photon Cannon  
  199  19:50  Photon Cannon  
  199  19:52  Photon Cannon  
  199  20:07  Assimilator  
  199  20:08  Assimilator  
  199  20:12  Shield Battery  
  199  20:14  Shield Battery, Protoss Ground Armor Level 1 (Chrono Boost)  
  199  20:17  Shield Battery  
  199  20:22  Protoss Shields Level 3 (Chrono Boost)  
  199  20:29  Dark Templar  
  199  20:52  Observer  
  198  21:07  Observer  
  198  21:22  Observer  
  198  21:28  Shield Battery  
  198  21:30  Shield Battery  
  197  22:21  Tempest  
  200  22:35  Protoss Ground Armor Level 2 (Chrono Boost)  
  200  22:49  Tempest  
  200  22:50  Protoss Air Armor Level 3  
  197  23:57  Photon Cannon x2  
  197  24:01  Dark Templar  
  199  24:12  Observer (Chrono Boost)  
  194  24:31  Tempest  
  199  24:54  Photon Cannon  
  199  24:55  Photon Cannon  
  199  24:57  Photon Cannon  
  199  24:59  Photon Cannon  
  199  25:00  Pylon  
  199  25:07  Observer  
  186  25:20  Stalker x9  
  186  25:21  Stalker x4  
  198  25:22  Stalker  
  198  25:23  Stalker x2  
  198  25:31  Observer  
  198  25:42  Observer  
  198  25:47  Photon Cannon  
  198  26:29  Nexus  
  198  26:33  Assimilator  
  198  26:36  Assimilator  
  198  26:42  Dark Templar  
  198  26:46  Observer  
  196  26:52  Tempest x2  
  200  26:56  Shield Battery, Observer  
  200  26:57  Shield Battery  
  200  26:59  Photon Cannon  
  200  27:02  Photon Cannon  
  200  27:05  Photon Cannon  
  200  27:06  Photon Cannon  
  200  27:22  Photon Cannon  
  200  27:25  Photon Cannon  
  200  27:27  Pylon  
  184  27:38  Void Ray x2 (Chrono Boost)  
  184  27:43  Mothership (Chrono Boost)  
  178  27:45  Void Ray x3 (Chrono Boost)  
  182  27:57  Dark Templar x4  
  185  27:58  Carrier (Chrono Boost)  
  197  28:08  Carrier (Chrono Boost)  
  191  28:19  Stalker  
  187  28:26  Stalker  
  187  28:27  Stalker x9  
  186  28:28  Stalker  
  186  28:32  Archon  
  141  28:50  Stalker x4  
  141  28:51  Stalker x9  
  141  28:52  Stalker x3, Void Ray x3  
  141  28:53  Void Ray  
  141  28:54  Void Ray  
  171  29:03  Pylon, Nexus  
  171  29:15  High Templar x5  
  171  29:16  High Templar x4  
  171  29:17  High Templar x3  
  191  29:20  Archon x2  
  191  29:21  Archon x3  
  191  29:22  Archon  
  191  29:23  High Templar x2  
  199  29:29  Archon  
  188  29:50  Stalker x5  
  188  29:51  Stalker x2  
  188  30:11  Stalker x2  
Tags
 
Add a new tag
Caveats
  • Supply blocks, unpowered buildings, or Contaminate may cause inaccurate times.
  • Supply counts are checked every 10 seconds.